 Dungeon Sprint DCSS version 0.28.0-43-g3370ac3207 (webtiles) character file.

Game seed: 18278331681197065215

24500000 smarlow the Archmage (level 27, -377/228 HPs)
             Began as a Djinni Warper on Mar 9, 2022.
             Was the Champion of Makhleb.
             Annihilated by a fleshlord
             ... wielding a +9 great mace
              (387 damage)
             ... in the Dungeon (Sprint VIII: "Arena of Blood").
             The game lasted 00:10:08 (245 turns).

smarlow the Archmage (Djinni Warper)                 Turns: 245, Time: 00:10:08

Health: -377/228   AC:  6    Str: 10    XL:     27
Gold:   0          EV: 36    Int: 17    God:    Makhleb [******] SH:  0 Dex: 25

rFire   + + +      SeeInvis +   i - +∞ Axe of Woe
rCold   x . .      Faith    .   (shield currently unavailable)
rNeg    . . .      Spirit   .   b - +0 leather armour
rPois   ∞          Reflect  .   (no helmet)
rElec   .          Harm     .   (no cloak)
rCorr   .          Rampage  .   (no gloves)
Will    ++...      NoTele   +   (boots unavailable)
Stlth   +.........              (no amulet)
HPRegen 0.48/turn               j - ring of see invisible
MPRegen 0.00/turn               k - ring of protection from fire

@: confused, flying, hasted and slowed
A: sickness immunity, fire resistance 2, cold vulnerability 1, float, innate
caster, HP casting, extra vitality 1
0: Orb of Zot
a: Renounce Religion, Minor Destruction, Lesser Servant of Makhleb, Major
Destruction, Greater Servant of Makhleb


You were in the Dungeon.
You worshipped Makhleb.
Makhleb was exalted by your worship.
You visited 1 branch

Inventory:

Hand Weapons
 a - a +0 hand axe
 i - the +∞ Axe of Woe (weapon)
   (You found it in the Dungeon)
Missiles
 d - 4 boomerangs of dispersal
Armour
 b - a +0 leather armour (worn)
Jewellery
 j - a ring of see invisible (left hand)
 k - a ring of protection from fire (right hand)
Scrolls
 c - 2 scrolls of blinking
Potions
 h - a potion of berserk rage


   Skills:
 O Level 27 Fighting
 O Level 27 Short Blades
 O Level 27 Long Blades
 O Level 27 Axes
 O Level 27 Maces & Flails
 O Level 27 Polearms
 O Level 27 Staves
 O Level 27 Slings
 O Level 27 Bows
 O Level 27 Crossbows
 O Level 27 Throwing
 O Level 27 Armour
 O Level 27 Dodging
 O Level 27 Stealth
 O Level 27 Shields
 O Level 27 Unarmed Combat
 O Level 27 Spellcasting
 O Level 27 Invocations
 O Level 27 Evocations


You couldn't memorise any spells.
You knew the following spells:

 Your Spells              Type           Power      Damage    Failure   Level
a - Blink                 Tloc           100%       N/A       0%          2
b - Lesser Beckoning      Tloc           86%        N/A       0%          3
c - Gell's Gravitas       Tloc           86%        N/A       0%          3
d - Teleport Other        Tloc           86%        N/A       0%          3
e - Manifold Assault      Tloc           86%        N/A       0%          5
f - Beastly Appendage     Tmut           100%       N/A       0%          1
g - Corpse Rot            Necr/Air       100%       N/A       0%          2
h - Spider Form           Tmut/Pois      86%        N/A       0%          3
i - Portal Projectile     Hex/Tloc       100%       N/A       0%          3
j - Borgnjor's Vile Clut  Necr/Erth      43%        N/A       0%          5
k - Freezing Cloud        Conj/Ice/Air   43%        6-21      0%          5
l - Summon Cactus Giant   Summ           43%        N/A       0%          6
m - Starburst             Conj/Fire      43%        6d12      0%          6
n - Iron Shot             Conj/Erth      43%        9d8       0%          6
o - Discord               Hex            43%        N/A       1%          8
p - Ignition              Fire           43%        3d12      1%          8
q - Fire Storm            Conj/Fire      43%        8d11      2%          9
r - Shatter               Erth           43%        3d33*     2%          9
Your spell library was empty.

Dungeon Overview and Level Annotations

Branches:
Dungeon (1/1)

Altars:
Makhleb


Innate Abilities, Weirdness & Mutations

You are immune to sickness and miasma.
You are immune to poison.
Your flesh is very heat resistant. (rF++)
You are vulnerable to cold. (rC-)
You float through the air rather than walking.
You learn spells naturally, not from books.
Your magical power is your life essence.
You have superior vitality. (+4 MHP)


Message History

The wretched soul breathes negative energy at you.
The bolt of negative energy hits the vile.
The vile completely resists.
The bolt of negative energy misses you.
The fleshlord points at you and mumbles some strange words.
You barely resist.
You're too confused to move!
The meat berserker hits you with a +9 battleaxe!!!
The meat beast is engulfed in blazing flames.
The vile hits you with a +0 morningstar!
* * * LOW HITPOINT WARNING * * *
You are engulfed in flames!!
You resist.
* * * LOW HITPOINT WARNING * * *
You barely resist.
The meat berserker is engulfed in blazing flames.
The eight-headed meat hydra calls on the powers of darkness!
The eight-headed meat hydra convulses! x2; The fleshlord convulses!
The meat berserker convulses!
The large bag of meat convulses!
Flame seeps out of the large bag of meat.
The fleshlord convulses! x2; The meat berserker convulses!
The large bag of meat convulses!
Flame seeps out of the large bag of meat.
The fleshlord convulses!
The meat berserker convulses! x2
Your body is wracked with pain!
* * * LOW HITPOINT WARNING * * *
The large bag of meat is engulfed in blazing flames.
The eight-headed meat hydra calls on the powers of darkness!
The eight-headed meat hydra convulses! x2; The fleshlord convulses!
The large bag of meat convulses!
Flame seeps out of the large bag of meat.
The meat berserker convulses! x2; The fleshlord convulses!
The large bag of meat convulses!
Flame seeps out of the large bag of meat.
The fleshlord convulses!
The meat berserker convulses!
The fleshlord convulses!
The meat berserker convulses!
Your body is wracked with pain!
* * * LOW HITPOINT WARNING * * *
The bag of meat convulses!
You hear a shout!
The fleshlord hits you with a +9 great mace!!!!!!
Ouch! That really hurt!
You die...

...###)).....##....)))....#
..#.o..D..#...).........
○W#.)D..))...))))....).#
°2p)M.z.).)...)....†....
.).W..§)..WW.)#).......†
..).O.).O.W.†#....#..)).
..○O.O9pp..#............
.#).2WOp9O#.....)#))..#.
.)....9@..#....#)).).#..
##.#..o.V)..†..))...)...
.........)).....))).....
.).)#.....####..)†.....#
........... #†.)....####
.................####
......=...... ####
#############


You could see an accursed, 2 meat beasts, 2 eight-headed meat hydras, a
destroyer, 4 fleshlords, a sculptor of flesh, 2 large bags of meat, a dread, 3
viles, 5 wretched souls, 4 meat berserkers and 2 bags of meat.

Vanquished Creatures
  10 molten gargoyles (D)
  Dispater (D)
  20 hell knights (D)
  Sigmund (D)
  20 hell beasts (D)
  9 royal mummies (D)
  31 great orbs of eyes (D)
  13 wraiths (D)
  Harold (D)
  22 vampire knights (D)
  51 ogres (D)
  9 two-headed ogres (D)
  13 liches (D)
  20 hydras (D)
  103 orcs (D)
  22 phantoms (D)
  9 skeletal warriors (D)
  14 sea snakes (D)
  2 ball lightnings (D)
371 creatures vanquished.

Notes
Turn   | Place    | Note
-------+----------+-------------------------------------------
     0 | D        | Found the +∞ Axe of Woe
     0 | D        | smarlow the Djinni Warper began the quest for the Orb.
     0 | D        | Reached XP level 1. HP: 18/18 MP: 0/0
     1 | D        | Noticed a bag of meat
     3 | D        | Became a worshipper of Makhleb the Destroyer
     4 | D        | Killed a bag of meat
     4 | D        | Noticed a meat berserker
     5 | D        | Reached skill level 10 in Dodging
     5 | D        | Reached skill level 15 in Spellcasting
     5 | D        | Reached XP level 2. HP: 34/34 MP: 0/0
     5 | D        | Reached XP level 3. HP: 39/39 MP: 0/0
     5 | D        | Learned a level 1 spell: Beastly Appendage
     5 | D        | Reached XP level 4. HP: 45/45 MP: 0/0
     5 | D        | Reached XP level 5. HP: 50/50 MP: 0/0
     5 | D        | Learned a level 2 spell: Corpse Rot
     5 | D        | Reached XP level 6. HP: 56/56 MP: 0/0
     5 | D        | Reached XP level 7. HP: 61/61 MP: 0/0
     5 | D        | Learned a level 3 spell: Spider Form
     5 | D        | Reached XP level 8. HP: 67/67 MP: 0/0
     5 | D        | Reached XP level 9. HP: 72/72 MP: 0/0
     5 | D        | Learned a level 3 spell: Portal Projectile
     5 | D        | Reached XP level 10. HP: 78/78 MP: 0/0
     5 | D        | Reached XP level 11. HP: 84/84 MP: 0/0
     5 | D        | Learned a level 5 spell: Borgnjor's Vile Clutch
     5 | D        | Killed a meat berserker
     5 | D        | Reached * piety under Makhleb
     5 | D        | Noticed a bag of meat
     6 | D        | Reached XP level 12. HP: 88/94 MP: 0/0
     6 | D        | Reached XP level 13. HP: 93/99 MP: 0/0
     6 | D        | Learned a level 5 spell: Freezing Cloud
     6 | D        | Killed a bag of meat
     8 | D        | Noticed a bag of meat
     8 | D        | Noticed a bag of meat
     9 | D        | Killed a bag of meat
     9 | D        | Killed a bag of meat
     9 | D        | Reached ** piety under Makhleb
    10 | D        | Reached XP level 14. HP: 105/110 MP: 0/0
    10 | D        | Noticed a bag of meat
    10 | D        | Noticed a meat berserker
    11 | D        | Killed a bag of meat
    11 | D        | Killed a meat berserker
    11 | D        | Noticed a meat berserker
    11 | D        | Noticed a large bag of meat
    12 | D        | Reached skill level 15 in Dodging
    12 | D        | Reached XP level 15. HP: 118/118 MP: 0/0
    12 | D        | Learned a level 6 spell: Summon Cactus Giant
    12 | D        | Killed a large bag of meat
    12 | D        | Reached *** piety under Makhleb
    12 | D        | Killed a meat berserker
    12 | D        | Noticed a meat berserker
    13 | D        | Reached skill level 5 in Throwing
    13 | D        | Reached skill level 27 in Spellcasting
    13 | D        | Reached XP level 16. HP: 129/129 MP: 0/0
    13 | D        | Killed a meat berserker
    13 | D        | Reached **** piety under Makhleb
    14 | D        | Reached skill level 5 in Armour
    14 | D        | Reached XP level 17. HP: 141/141 MP: 0/0
    14 | D        | Learned a level 6 spell: Starburst
    16 | D        | Reached ***** piety under Makhleb
    16 | D        | Noticed a meat berserker
    17 | D        | Noticed a meat berserker
    20 | D        | Killed a meat berserker
    20 | D        | Noticed a meat berserker
    21 | D        | Reached XP level 18. HP: 159/159 MP: 0/0
    21 | D        | Killed a meat berserker
    22 | D        | Reached skill level 27 in Axes
    23 | D        | Reached skill level 27 in Fighting
    23 | D        | Reached XP level 19. HP: 174/174 MP: 0/0
    23 | D        | Learned a level 6 spell: Iron Shot
    23 | D        | Noticed a meat berserker
    23 | D        | Noticed a meat berserker
    24 | D        | Noticed a meat berserker
    24 | D        | Killed a meat berserker
    24 | D        | Reached ****** piety under Makhleb
    24 | D        | Killed a meat berserker
    24 | D        | Killed a meat berserker
    24 | D        | Noticed a large bag of meat
    25 | D        | Reached skill level 27 in Dodging
    25 | D        | Reached XP level 20. HP: 181/181 MP: 0/0
    25 | D        | Noticed a large bag of meat
    25 | D        | Killed a large bag of meat
    25 | D        | Killed a large bag of meat
    26 | D        | Reached skill level 27 in Armour
    26 | D        | Noticed a large bag of meat
    26 | D        | Noticed a destroyer
    27 | D        | Killed a destroyer
    28 | D        | Reached skill level 10 in Throwing
    28 | D        | Reached XP level 21. HP: 187/187 MP: 0/0
    28 | D        | Learned a level 8 spell: Discord
    28 | D        | Killed a large bag of meat
    29 | D        | Reached skill level 10 in Short Blades
    29 | D        | Reached skill level 10 in Long Blades
    29 | D        | Reached skill level 10 in Shields
    29 | D        | Reached skill level 10 in Unarmed Combat
    29 | D        | Reached skill level 10 in Invocations
    29 | D        | Reached skill level 10 in Evocations
    29 | D        | Noticed a meat berserker
    30 | D        | Noticed a meat berserker
    31 | D        | Reached skill level 10 in Staves
    31 | D        | Reached skill level 10 in Stealth
    31 | D        | Killed a meat berserker
    31 | D        | Killed a meat berserker
    32 | D        | Reached skill level 10 in Maces & Flails
    32 | D        | Reached skill level 10 in Polearms
    32 | D        | Reached skill level 10 in Slings
    32 | D        | Reached skill level 10 in Bows
    32 | D        | Reached skill level 10 in Crossbows
    32 | D        | Reached XP level 22. HP: 194/194 MP: 0/0
    32 | D        | Noticed a destroyer
    32 | D        | Killed a meat berserker
    32 | D        | Killed a destroyer
    33 | D        | Reached XP level 23. HP: 201/201 MP: 0/0
    33 | D        | Learned a level 8 spell: Ignition
    34 | D        | Reached skill level 15 in Short Blades
    34 | D        | Reached skill level 15 in Long Blades
    34 | D        | Reached skill level 15 in Shields
    34 | D        | Reached skill level 15 in Unarmed Combat
    34 | D        | Reached skill level 15 in Invocations
    34 | D        | Reached skill level 15 in Evocations
    36 | D        | Reached skill level 15 in Throwing
    36 | D        | Noticed a large bag of meat
    36 | D        | Noticed a destroyer
    37 | D        | Killed a large bag of meat
    38 | D        | Reached XP level 24. HP: 208/208 MP: 0/0
    39 | D        | Reached skill level 15 in Maces & Flails
    39 | D        | Reached skill level 15 in Polearms
    39 | D        | Reached skill level 15 in Slings
    39 | D        | Reached skill level 15 in Bows
    39 | D        | Reached skill level 15 in Crossbows
    39 | D        | Noticed a destroyer
    41 | D        | Killed a destroyer
    42 | D        | Noticed a destroyer
    42 | D        | Killed a destroyer
    43 | D        | Reached skill level 27 in Stealth
    43 | D        | Reached XP level 25. HP: 214/214 MP: 0/0
    43 | D        | Learned a level 9 spell: Fire Storm
    44 | D        | Noticed an accursed
    44 | D        | Killed an accursed
    48 | D        | Noticed an accursed
    49 | D        | Killed an accursed
    49 | D        | Noticed a destroyer
    50 | D        | Reached XP level 26. HP: 112/221 MP: 0/0
    50 | D        | Killed a destroyer
    50 | D        | Killed a destroyer
    51 | D        | Reached XP level 27. HP: 175/228 MP: 0/0
    51 | D        | Learned a level 9 spell: Shatter
    51 | D        | Noticed a tyrant
    51 | D        | Noticed a tyrant
    53 | D        | Killed a tyrant
    53 | D        | Killed a tyrant
    54 | D        | Noticed a tyrant
    55 | D        | Noticed an accursed
    55 | D        | Killed an accursed
    55 | D        | Killed a tyrant
    62 | D        | Noticed a meat beast
    63 | D        | Killed a meat beast
    71 | D        | Noticed a meat beast
    72 | D        | Killed a meat beast
    73 | D        | Noticed a meat beast
    74 | D        | Killed a meat beast
    75 | D        | Reached skill level 27 in Short Blades
    75 | D        | Reached skill level 27 in Long Blades
    75 | D        | Reached skill level 27 in Staves
    75 | D        | Reached skill level 27 in Shields
    75 | D        | Reached skill level 27 in Unarmed Combat
    75 | D        | Reached skill level 27 in Invocations
    75 | D        | Reached skill level 27 in Evocations
    75 | D        | Noticed a destroyer
    76 | D        | Killed a destroyer
    76 | D        | Noticed a destroyer
    77 | D        | Reached skill level 27 in Maces & Flails
    77 | D        | Reached skill level 27 in Polearms
    77 | D        | Reached skill level 27 in Slings
    77 | D        | Reached skill level 27 in Bows
    77 | D        | Reached skill level 27 in Crossbows
    77 | D        | Reached skill level 27 in Throwing
    77 | D        | Killed a destroyer
    78 | D        | Noticed a meat beast
    78 | D        | Noticed a meat beast
    79 | D        | Killed a meat beast
    80 | D        | Noticed a large bag of meat
    80 | D        | Noticed a tyrant
    81 | D        | Killed a tyrant
    82 | D        | Killed a meat beast
    82 | D        | Killed a large bag of meat
    86 | D        | Noticed a meat beast
    86 | D        | Noticed an accursed
    86 | D        | Noticed a destroyer
    87 | D        | Killed a meat beast
    87 | D        | Killed an accursed
    87 | D        | Noticed a meat beast
    88 | D        | Killed a destroyer
    89 | D        | Noticed a meat beast
    90 | D        | Noticed a tyrant
    91 | D        | Killed a meat beast
    91 | D        | Killed a meat beast
    91 | D        | Killed a tyrant
    92 | D        | Noticed a dread
    93 | D        | Killed a dread
    95 | D        | Noticed a large bag of meat
    97 | D        | Noticed a tyrant
    97 | D        | Noticed a destroyer
    98 | D        | Noticed a destroyer
    98 | D        | Killed a destroyer
    98 | D        | Killed a destroyer
    98 | D        | Killed a large bag of meat
    98 | D        | Killed a tyrant
    98 | D        | Noticed a tyrant
    99 | D        | Killed a tyrant
   101 | D        | Noticed a destroyer
   101 | D        | Noticed a meat beast
   102 | D        | Killed a destroyer
   102 | D        | Killed a meat beast
   106 | D        | Noticed a destroyer
   107 | D        | Killed a destroyer
   110 | D        | Noticed The Servant
   111 | D        | Noticed a destroyer
   112 | D        | Noticed a dread
   112 | D        | Killed a dread
   112 | D        | Noticed a large bag of meat
   113 | D        | Killed The Servant
   113 | D        | Killed a destroyer
   114 | D        | Noticed an accursed
   115 | D        | Killed an accursed
   118 | D        | Noticed a destroyer
   119 | D        | Killed a large bag of meat
   119 | D        | Killed a destroyer
   120 | D        | Noticed a dread
   121 | D        | Killed a dread
   132 | D        | Noticed a fleshlord
   132 | D        | Killed a fleshlord
   132 | D        | Noticed a fleshlord
   133 | D        | Killed a fleshlord
   139 | D        | Noticed a meat beast
   142 | D        | Noticed a fleshlord
   142 | D        | Noticed a meat beast
   143 | D        | Noticed a meat beast
   143 | D        | Killed a meat beast
   143 | D        | Killed a meat beast
   144 | D        | Killed a fleshlord
   144 | D        | Killed a meat beast
   145 | D        | Noticed a dread
   145 | D        | Noticed a meat beast
   145 | D        | Noticed The Captor
   146 | D        | Killed a meat beast
   146 | D        | Noticed an accursed
   146 | D        | Noticed a destroyer
   147 | D        | Killed a destroyer
   147 | D        | Killed The Captor
   147 | D        | Killed a dread
   147 | D        | Noticed a dread
   147 | D        | Noticed a fleshlord
   148 | D        | Killed an accursed
   148 | D        | Killed a fleshlord
   148 | D        | Noticed a dread
   149 | D        | Killed a dread
   149 | D        | Killed a dread
   150 | D        | Noticed an accursed
   151 | D        | Killed an accursed
   151 | D        | Noticed a tyrant
   152 | D        | Killed a tyrant
   152 | D        | Noticed a fleshlord
   153 | D        | Killed a fleshlord
   155 | D        | Noticed an accursed
   155 | D        | Noticed a tyrant
   155 | D        | Noticed a fleshlord
   156 | D        | Killed an accursed
   156 | D        | Killed a fleshlord
   157 | D        | Killed a tyrant
   157 | D        | Noticed a meat beast
   158 | D        | Killed a meat beast
   158 | D        | Noticed a destroyer
   159 | D        | Killed a destroyer
   159 | D        | Noticed a tyrant
   160 | D        | Killed a tyrant
   161 | D        | Noticed an accursed
   162 | D        | Killed an accursed
   162 | D        | Noticed a meat beast
   163 | D        | Noticed a destroyer
   164 | D        | Killed a destroyer
   169 | D        | Noticed a meat beast
   169 | D        | Noticed a tyrant
   170 | D        | Killed a meat beast
   170 | D        | Killed a tyrant
   170 | D        | Noticed a fleshlord
   171 | D        | Killed a fleshlord
   173 | D        | Noticed a destroyer
   175 | D        | Killed a destroyer
   179 | D        | Noticed a fleshlord
   180 | D        | Killed a fleshlord
   180 | D        | Noticed a destroyer
   181 | D        | Killed a destroyer
   182 | D        | Noticed a fleshlord
   182 | D        | Killed a fleshlord
   182 | D        | Noticed a tyrant
   183 | D        | Killed a tyrant
   184 | D        | Noticed a fleshlord
   185 | D        | Killed a fleshlord
   185 | D        | Noticed a fleshlord
   186 | D        | Noticed a fleshlord
   186 | D        | Killed a fleshlord
   186 | D        | Killed a fleshlord
   188 | D        | Noticed a dread
   191 | D        | Killed a dread
   193 | D        | Noticed a fleshlord
   194 | D        | Killed a fleshlord
   198 | D        | Noticed a fleshlord
   199 | D        | Killed a fleshlord
   202 | D        | Noticed a fleshlord
   203 | D        | Killed a fleshlord
   205 | D        | Noticed a dread
   206 | D        | Killed a dread
   206 | D        | Noticed a dread
   207 | D        | Killed a dread
   208 | D        | Noticed a dread
   209 | D        | Noticed a vile
   209 | D        | Killed a vile
   209 | D        | Noticed a dread
   210 | D        | Killed a dread
   210 | D        | Noticed a tyrant
   212 | D        | Noticed a meat beast
   213 | D        | Killed a dread
   213 | D        | Noticed a fleshlord
   214 | D        | Killed a meat beast
   214 | D        | Noticed a dread
   215 | D        | Killed a tyrant
   215 | D        | Noticed a meat beast
   216 | D        | Killed a dread
   216 | D        | Killed a meat beast
   216 | D        | Killed a fleshlord
   216 | D        | Noticed a meat beast
   217 | D        | Noticed a vile
   217 | D        | Noticed The Meatlord
   218 | D        | Killed a meat beast
   219 | D        | Noticed a vile
   219 | D        | Noticed a vile
   219 | D        | Noticed a fleshlord
   220 | D        | Killed a vile
   220 | D        | Killed a vile
   221 | D        | Noticed a vile
   221 | D        | Noticed a dread
   221 | D        | Killed a vile
   221 | D        | Killed a dread
   221 | D        | Noticed a fleshlord
   221 | D        | Noticed a destroyer
   222 | D        | Noticed a large bag of meat
   222 | D        | Killed a vile
   222 | D        | Noticed a destroyer
   223 | D        | Killed a fleshlord
   223 | D        | Killed a large bag of meat
   224 | D        | Killed a destroyer
   224 | D        | Killed a fleshlord
   224 | D        | Killed a destroyer
   225 | D        | Killed The Meatlord
   226 | D        | Noticed a vile
   226 | D        | Got the Orb of Zot
   228 | D        | Noticed a vile
   229 | D        | Noticed a vile
   229 | D        | Noticed a fleshlord
   229 | D        | Noticed a meat beast
   230 | D        | Noticed a fleshlord
   230 | D        | Noticed a destroyer
   230 | D        | Noticed a fleshlord
   230 | D        | Noticed a meat beast
   230 | D        | Noticed a large bag of meat
   230 | D        | Noticed a fleshlord
   231 | D        | Noticed a vile
   231 | D        | Noticed a vile
   231 | D        | Noticed a fleshlord
   232 | D        | Killed a vile
   232 | D        | Killed a vile
   233 | D        | Noticed an accursed
   234 | D        | Noticed a vile
   234 | D        | Noticed a vile
   235 | D        | Killed a vile
   235 | D        | Noticed a fleshlord
   237 | D        | Killed a meat beast
   237 | D        | Killed a meat beast
   237 | D        | Killed a vile
   238 | D        | Noticed a vile
   240 | D        | Noticed a large bag of meat
   240 | D        | Noticed a meat beast
   241 | D        | Noticed a meat beast
   241 | D        | Noticed a dread
   242 | D        | Killed a fleshlord
   243 | D        | Killed a fleshlord
   243 | D        | Killed a vile
   245 | D        | HP: 10/228 [??? (7)]
   245 | D        | Annihilated by a fleshlord

Illustrated notes

Levels and vault maps discovered:
D:        meatsprint

Skill      XL: |  1  2  3  4  5  6  7  8  9 10 11 12 13 14 15 16 17 18 19 20 21 22 23 24 25 26 27 |
---------------+----------------------------------------------------------------------------------+-----
Fighting       | 9 11 13 14 16 19 24 27 | 27.0
Axes           | 8 11 13 14 16 20 26 27 | 27.0
Throwing       | 3 4 5 7 10 12 14 16 19 20 27 | 27.0
Armour         | 2 3 4 5 7 9 24 27 | 27.0
Dodging        | 10 12 14 15 16 18 20 23 27 | 27.0
Spellcasting   | 15 19 22 24 27 | 27.0
Short Blades   | 9 12 14 17 21 27 | 27.0
Long Blades    | 9 12 14 17 21 27 | 27.0
Maces & Flails | 7 10 12 14 15 18 19 27 | 27.0
Polearms       | 7 10 12 14 15 18 19 27 | 27.0
Staves         | 8 11 13 16 20 21 27 | 27.0
Slings         | 7 10 12 14 15 18 19 27 | 27.0
Bows           | 7 10 12 14 15 18 19 27 | 27.0
Crossbows      | 7 10 12 14 15 18 19 27 | 27.0
Stealth        | 8 11 13 16 27 | 27.0
Shields        | 9 12 14 17 18 21 22 27 | 27.0
Unarmed Combat | 9 12 14 17 18 21 22 27 | 27.0
Invocations    | 9 12 14 17 18 21 22 27 | 27.0
Evocations     | 9 12 14 17 18 21 22 27 | 27.0

Action                   |  1- 3 |  4- 6 |  7- 9 | 10-12 | 13-15 | 16-18 | 19-21 | 22-24 | 25-27 || total
-------------------------+-------+-------+-------+-------+-------+-------+-------+-------+-------++-------
Melee: Executioner's axe |     1 |       |       |     1 |     7 |    12 |    19 |    21 |   304 ||   365
Throw: Boomerang         |       |       |       |       |       |       |       |       |     1 ||     1
 Cast: Manifold Assault  |       |       |       |     1 |     4 |     7 |     6 |     7 |   116 ||   141
       Teleport Other    |       |       |       |       |       |     3 |       |       |       ||     3
       Shatter           |       |       |       |       |       |       |       |       |     3 ||     3
  Use: Potion            |       |       |       |       |       |       |       |       |     3 ||     3
 Stab: Distracted        |       |       |       |       |       |       |       |     1 |       ||     1
Armor: Leather armour    |       |       |       |       |       |       |       |       |     1 ||     1
Dodge: Dodged            |       |       |       |       |       |       |       |       |     9 ||     9
